 Dungeon Crawl Stone Soup version 0.29.1-12-g30fa7ad0bf (webtiles) character file.

Game seed: 11269256484828708516

70 H0rd4k the Charlatan (level 4, 0/30 HPs)
             Began as an Octopode Artificer on Dec 22, 2022.
             Slain by an orc
             ... wielding a +0 hand axe
              (6 damage)
             ... on level 3 of the Dungeon.
             The game lasted 00:01:14 (2762 turns).

H0rd4k the Charlatan (Octopode Artificer)           Turns: 2762, Time: 00:01:14

Health: 0/30       AC:  1    Str: 11    XL:     4   Next: 21%
Magic:  6/6        EV: 13    Int: 15    God:
Gold:   111        SH:  0    Dex: 12    Spells: 6/6 levels left

rFire   . . .      SeeInvis .     - Unarmed
rCold   . . .      Faith    .   (no shield)
rNeg    . . .      Spirit   .   (helmet restricted)
rPois   .          Reflect  .   (no amulet)
rElec   .          Harm     .   (no ring)
rCorr   .          Rampage  .   (no ring)
Will    .....                   (no ring)
Stlth   +++.......              (no ring)
HPRegen 0.10/turn               (no ring)
MPRegen 0.10/turn               (no ring)
                                (no ring)
                                (no ring)

@: no status effects
A: almost no armour, amphibious, 8 rings, camouflage 1, gelatinous body 1,
(nimble swimmer 1), tentacles
a: no special abilities


You were on level 3 of the Dungeon.
You visited 1 branch of the dungeon, and saw 3 of its levels.

You collected 111 gold pieces.

Inventory:

Magical Staves
 n - a staff of death
Wands
 b - a wand of flame (14) (quivered)
 c - a wand of charming (14)
 d - a wand of iceblast (5)
 k - a wand of polymorph (13)
Scrolls
 a - 2 scrolls of fog {unknown}
 e - a scroll of immolation {unknown}
 f - a scroll of blinking {unknown}
 g - 2 scrolls of teleportation {unknown}
 h - a scroll of poison {unknown}
 i - a scroll of identify {unknown}
Potions
 j - a potion of lignification {unknown}
 l - a potion of degeneration {unknown}
 m - a potion of brilliance {unknown}


   Skills:
 * Level 2.4 Fighting
 - Level 2.3 Dodging
 - Level 1.3 Stealth
 + Level 1.7 Unarmed Combat
 * Level 1.7 Spellcasting
 - Level 3.2 Evocations


You had 6 spell levels left.
You didn't know any spells.
Your spell library contained the following spells:

 Spells                   Type           Power      Damage    Failure   Level
 Magic Dart               Conj           4%         1d3       22%         1
 Blink                    Tloc           2%         N/A       34%         2
 Searing Ray              Conj           2%         2d4       34%         2
 Lesser Beckoning         Tloc           1%         N/A       56%         3
 Fulminant Prism          Conj/Hex       0%         3d6       92%         4
 Manifold Assault         Tloc           1%         N/A       99%         5
 Summon Forest            Summ/Tloc      0%         N/A       99%         5
 Summon Mana Viper        Hex/Summ       1%         N/A       99%         5
 Summon Cactus Giant      Summ           0%         N/A       100%        6


Dungeon Overview and Level Annotations

Branches:
Dungeon (3/15)

Altars:


Innate Abilities, Weirdness & Mutations

You cannot wear most types of armour.
You are amphibious.
You can wear up to eight rings at the same time.
Your skin changes colour to match your surroundings (Stealth+).
Your rubbery body absorbs attacks. (AC +1, EV +1)
((You are camouflaged when in or above water. (Stealth+)))
You have tentacles for arms and can constrict up to eight enemies at once.


Message History

An orc is nearby!
An orc is nearby!
An orc is nearby!
An endoplasm comes into view.
Found a dented zirconium amulet.
The orc shouts!
You hear a shout!
A kobold comes into view. It is wielding a +0 dagger.
The endoplasm quivers.
You tentacle-slap the endoplasm.
The endoplasm is moderately wounded.
The endoplasm hits you. The orc hits you with a +0 hand axe.
You tentacle-slap the endoplasm.
The endoplasm is heavily wounded.
The endoplasm hits you. The orc closely misses you.
You tentacle-slap the endoplasm.
You kill the endoplasm!
The orc closely misses you.
You closely miss the orc. Your grab misses the orc.
Your squeeze misses the orc. The orc hits you with a +0 hand axe.
The kobold attacks as you move away! The kobold hits you with a +0 dagger.
You tentacle-slap the kobold but do no damage.
You grab the kobold. You constrict the kobold.
The kobold hits you but does no damage.
You tentacle-slap the kobold. You squeeze the kobold.
You kill the kobold!
The orc throws a boomerang.
The boomerang closely misses you. The orc hits you with a +0 hand axe.
Things that are here:
a +0 dagger; a kobold corpse You closely miss the orc.
You grab the orc. You constrict the orc. The orc hits you with a +0 hand axe.
You tentacle-slap the orc but do no damage.
The orc is moderately wounded.
You constrict the orc. The orc hits you with a +0 hand axe!
* * * LOW HITPOINT WARNING * * *
You tentacle-slap the orc.
The orc is almost dead.
You constrict the orc, but do no damage.
The orc hits you with a +0 hand axe.
You die...

......#########
.............
......#######
......############
.................#
......##########.#
.###### #.# .# #.#
.. #####@## #..
#....o.# #.#
#".....# ..
#......... #.#
#.........# +#
#......####
#....... #......##
########


You could see an orc.

Vanquished Creatures
  4 adders
  3 endoplasms
  A giant cockroach (D:1)
  3 goblins
  3 hobgoblins
  3 jackals (D:2)
  4 kobolds
  8 ball pythons
  3 bats (D:2)
  2 rats (D:1)
34 creatures vanquished.

Vanquished Creatures (others)
  A jackal (D:2)
  A plant (D:2)
2 creatures vanquished.

Grand Total: 36 creatures vanquished

Notes
Turn   | Place    | Note
-------+----------+-------------------------------------------
     0 | D:1      | H0rd4k the Octopode Artificer began the quest for the Orb.
     0 | D:1      | Reached XP level 1. HP: 13/13 MP: 1/1
   673 | D:1      | Reached XP level 2. HP: 18/18 MP: 2/2
  1331 | D:2      | Found a faded altar of an unknown god.
  1500 | D:2      | Reached skill level 1 in Spellcasting
  1925 | D:2      | Reached skill level 1 in Unarmed Combat
  1925 | D:2      | Reached XP level 3. HP: 19/24 MP: 4/4
  2547 | D:3      | Reached XP level 4. HP: 30/30 MP: 6/6
  2762 | D:3      | Slain by an orc

Illustrated notes

Levels and vault maps discovered:
D:1:      dpeg_arrival_tiny_b, layout_basic, minmay_heptomino_o4
D:2:      layout_basic, shapermc_ecumenical_altar_mp_ritualfount,
          minmay_shallow_snake_nest
D:3:      layout_basic, goddamned_bats, uniq_sigmund

Skill      XL: |  1  2 |
---------------+-------+-----
Spellcasting   | 1 |  1.7
Fighting       | 2 |  2.4
Unarmed Combat | 1 |  1.7
Dodging        | |  2.3
Stealth        | |  1.3
Evocations     | |  3.2

Action                   |  1- 3 |  4- 6 || total
-------------------------+-------+-------++-------
Melee: Unarmed           |    81 |    21 ||   102
       Constrict         |    23 |     3 ||    26
       Tentacles         |    17 |     1 ||    18
Evoke: Wand              |     2 |       ||     2
 Stab: Sleeping          |    10 |     2 ||    12
       Distracted        |     1 |       ||     1
Armor: Skin              |     6 |     1 ||     7
Dodge: Dodged            |    56 |    12 ||    68
